 Dungeon Crawl Stone Soup version 0.30.0-17-ge0270778cf (webtiles) character file.

Game seed: 4689495894338453868

130 monsoonserge the Stinger (level 4, -5/36 HPs)
             Began as an Armataur Venom Mage on May 21, 2023.
             Slain by an orc
             ... wielding a +1 heavy war axe
              (18 damage)
             ... on level 3 of the Dungeon.
             The game lasted 00:11:14 (2060 turns).

monsoonserge the Stinger (Armataur Venom Mage)      Turns: 2060, Time: 00:11:14

Health: -5/36      AC:  4    Str: 15    XL:     4   Next: 89%
Magic:  6/7        EV:  9    Int: 16    God:
Gold:   159        SH:  0    Dex: 10    Spells: 1/7 levels left

rFire   . . .        k - +0 hand axe
rCold   + . .        (no shield)
rNeg    . . .        a - +0 robe
rPois   .            (no helmet)
rElec   .            (no cloak)
rCorr   .            (no gloves)
SInv    .            (no barding)
Will    .....        o - amulet of magic regeneration
Stlth   ++           n - ring of protection from cold
HPRegen 0.26/turn    (no ring)
MPRegen 0.50/turn

%: roll
@: no status effects
A: large, rugged brown scales 3, deformed body, armoured tail, roll, long
tongue, awkward tongue
a: no special abilities


You were on level 3 of the Dungeon.
You visited 1 branch of the dungeon, and saw 3 of its levels.

You collected 159 gold pieces.

Inventory:

Hand Weapons
 d - a +0 spear
 k - a +0 hand axe (weapon)
Armour
 a - a +0 robe (worn)
 e - a +0 ring mail
 l - a +0 leather armour
Magical Staves
 c - a staff of conjuration
Jewellery
 n - a ring of protection from cold (left hand)
 o - an amulet of magic regeneration (around neck)
Scrolls
 f - 3 scrolls of identify {unknown}
 g - 3 scrolls of enchant weapon {unknown}
 h - a scroll of poison {unknown}
 j - a scroll of torment {unknown}
Potions
 b - 2 potions of magic
 i - 2 potions of curing {unknown}
 m - a potion of heal wounds {unknown}


   Skills:
 + Level 0.4 Fighting
 + Level 1.0 Polearms
 + Level 1.7 Dodging
 + Level 2.4 Stealth
 + Level 0.4 Unarmed Combat
 - Level 2.0 Spellcasting
 * Level 0.6 Conjurations
 - Level 1.0 Transmutations
 * Level 1.6 Air Magic
 * Level 3.7 Poison Magic


You had one spell level left.
You knew the following spells:

 Your Spells              Type           Power      Damage    Failure   Level
a - Sting                 Tmut/Pois      36%        1d4       8%          1
b - Poisonous Vapours     Pois/Air       20%        N/A       11%         2
c - Mephitic Cloud        Conj/Pois/Air  8%         N/A       26%         3

Your spell library contained the following spells:

 Spells                   Type           Power      Damage    Failure   Level
 Olgreb's Toxic Radiance  Pois           13%        N/A       41%         4
 Dazzling Flash           Conj/Hex       4%         N/A       50%         3
 Agony                    Necr           1%         N/A       99%         5
 Silence                  Hex/Air        2%         N/A       99%         5


Dungeon Overview and Level Annotations

Branches:
Dungeon (3/15)

Altars:


Innate Abilities, Weirdness & Mutations

You are completely covered in rugged brown scales. (AC +3, +7% HP)
Armour fits poorly on your strangely shaped body.
You have a long armoured tail.
You roll when moving toward enemies. (Rampage)
Your long tongue fully drains potion bottles. (2x potion effects)
Your tongue gives you trouble enunciating. (1.5x scroll delay)


Message History

The orc hits you but does no damage. The orc closely misses you.
A frilled lizard comes into view.
Casting: Mephitic Cloud (quite dangerous; 28% risk of failure)
Confirm with . or Enter, or press ? or * to list all spells.
The spell is quite dangerous to miscast (28% risk of failure)!
Continue anyway?
Aiming: Mephitic Cloud (quite dangerous; 28% risk of failure)
Press: ? - help, Shift-Dir - straight line The ball explodes into a vile cloud!
The stinking cloud engulfs the ogre but does no damage.
The stinking cloud engulfs the orc but does no damage.
The stinking cloud engulfs the orc priest but does no damage.
The orc priest is lightly wounded.
The stinking cloud engulfs the orc but does no damage.
The frilled lizard hisses angrily.
The orc priest mumbles some strange prayers to Beogh against you.
Beogh smites you!
The ogre is engulfed in noxious fumes.
The ogre appears confused.
The orc hits you with a +0 club.
You closely miss the orc. You tail-slap the orc.
You kill the orc!
You hit the orc.
The orc priest looks encouraged for a moment.
The ogre is engulfed in noxious fumes.
The ogre appears confused.
You hit the ogre.
The ogre is lightly wounded.
You barely miss the orc.
A ball python comes into view.
The orc barely misses itself.
You barely miss the orc.
Your tail-slap misses the orc.
You hit the orc but do no damage. You completely miss the orc priest.
The orc priest hits you with a +0 hand axe.
The orc hits you with a +0 whip. The orc barely misses you.
You hit the ogre. You tail-slap the ogre!
The ogre is heavily wounded.
You hit the orc. x2; You hit the orc priest.
A quokka comes into view.
The orc priest hits you with a +0 hand axe.
The orc closely misses you.
The orc hits you with a +1 heavy war axe!!
Ouch! That really hurt!
You die...

....# ?#.# #####
..+
...<########.#
###)##....$..##
###.##.#####..##
.......# #?.S##
.##.####
##.°oo## #.#
#....)@# ..#
#...roOol.....
####
#.#...###.....
#...#... ....
#..#....# ###
#..#....# #.
...... .#.#.


You could see an ogre (confused), an orc priest, 3 orcs, a quokka (wandering), a
ball python and a frilled lizard.

Vanquished Creatures
  Terence (D:2)
  2 adders (D:2)
  3 dart slugs
  3 orcs
  7 endoplasms
  A giant cockroach (D:1)
  18 goblins
  6 hobgoblins
  4 jackals (D:1)
  3 quokkas (D:1)
  6 ball pythons
  6 bats
  5 frilled lizards
  2 kobolds (D:2)
  5 rats (D:1)
72 creatures vanquished.

Notes
Turn   | Place    | Note
-------+----------+-------------------------------------------
     0 | D:1      | monsoonserge the Armataur Venom Mage began the quest for
                  | the Orb.
     0 | D:1      | Reached XP level 1. HP: 14/14 MP: 3/3
    32 | D:1      | Reached skill level 3 in Poison Magic
    32 | D:1      | Reached XP level 2. HP: 7/21 MP: 0/4
    37 | D:1      | Learned a level 2 spell: Poisonous Vapours
   191 | D:1      | Reached skill level 1 in Transmutations
   446 | D:1      | Reached XP level 3. HP: 27/27 MP: 1/6
   988 | D:2      | Reached skill level 1 in Air Magic
  1015 | D:2      | Learned a level 3 spell: Mephitic Cloud
  1186 | D:2      | Noticed Terence
  1199 | D:2      | Killed Terence
  1200 | D:2      | Reached XP level 4. HP: 34/35 MP: 3/7
  1600 | D:2      | Reached skill level 1 in Polearms
  2052 | D:3      | Noticed an ogre
  2060 | D:3      | Slain by an orc

Illustrated notes

Levels and vault maps discovered:
D:1:      minmay_arrival_solitary_statue, layout_rooms, wad_floor_pattern_2
D:2:      minmay_evil_eye, layout_loops_corners, minmay_goblin_outpost,
          uniq_terence
D:3:      layout_loops_cross, nicolae_overflow_ecumenical_swirl

Skill      XL: |  1  2  3  4 |
---------------+-------------+-----
Poison Magic   | 3 |  3.7
Transmutations | 1 |  1.0
Spellcasting   | 2 |  2.0
Air Magic      | 1 |  1.6
Polearms       | 1 |  1.0
Fighting       | |  0.4
Dodging        | |  1.7
Stealth        | |  2.4
Unarmed Combat | |  0.4
Conjurations   | |  0.6

Action                     |  1- 3 |  4- 6 || total
---------------------------+-------+-------++-------
  Melee: Unarmed           |    34 |       ||    34
         Tailslap          |     8 |     9 ||    17
         Spear             |    43 |    11 ||    54
         Staff             |     4 |       ||     4
         Hand axe          |       |    60 ||    60
         Punch             |       |     1 ||     1
   Cast: Sting             |    39 |     6 ||    45
         Poisonous Vapours |     2 |       ||     2
         Mephitic Cloud    |       |     2 ||     2
   Stab: Sleeping          |     4 |     3 ||     7
 Armour: Robe              |    28 |    23 ||    51
  Dodge: Dodged            |    33 |    35 ||    68
